[Event "French Top 16-A 2024"]
[Site "Chartres"]
[Date "2024.06.01"]
[Round "3.4"]
[White "Fedorchuk, Sergey A."]
[Black "Parligras, Mircea-Emilian"]
[Result "1-0"]
[ECO "C65"]
[WhiteElo "2546"]
[BlackElo "2561"]
[Annotator "TA"]
[PlyCount "73"]
[EventDate "2024.06.01"]
[EventType "team-tourn"]
[EventCountry "FRA"]
[SourceTitle "playchess.com"]
[Source "ChessBase"]
[SourceQuality "1"]
[TimeControl "40/5400+30:1800+30"]

1. e4 e5 2. Nf3 Nc6 3. Bb5 Nf6 4. d3 Bc5 5. O-O Nd4 6. Nxd4 Bxd4 7. Ba4 c6 8. Nd2 d6 9. c3 {[%emt 0:01:48] The position is equal.} Bb6 10. Bc2 Be6 11. Nf3 h6 12. d4 Bc7 13. Re1 O-O 14. h3 Re8 15. Be3 Nh7 16. a4 a5 17. b4 axb4 18. cxb4 Nf8 19. a5 Ng6 (19... exd4 $11 20. Qxd4 (20. Nxd4 c5 $11) 20... Ng6) 20. d5 $14 Bd7 21. Ba4 Ne7 {[%emt 0:10:16] [#] Black is now going downhill.} ({Better is} 21... cxd5 $1 $14 22. Bxd7 (22. exd5 f5 $14) (22. Qxd5 Bxa4 23. Rxa4 Qd7 $14) 22... Qxd7 23. Qxd5 (23. exd5 f5 $11) 23... Ne7) 22. Nxe5 $1 $16 dxe5 23. d6 Bb8 24. dxe7 {[%emt 0:04:43] White is much more active.} Qxe7 25. Bc5 {[%emt 0:03:41] Prevents Bd6.} Qd8 26. Bb3 $36 {[%emt 0:02:49][%mdl 2048] Hoping for Re2. White is really pushing.} Bc7 (26... Ba7 $16 {was necessary.}) 27. Re3 $18 {[%emt 0:03:30][%cal Be1e3,Be3d3,Bd3d7][%mdl 32] Threatens to win with Rd3.} Be6 {[%emt 0:01:41] [#]} (27... Qc8 {keeps fighting.} 28. Rd3 Be6 29. Bxe6 Qxe6) 28. Bxe6 $1 Rxe6 29. Rd3 Qg5 30. Rd7 Rd8 {[%emt 0:00:04] [#]} 31. Ra2 $1 {[%emt 0:08:22] Strongly threatening Rad2.} Ree8 32. g3 Qf6 33. h4 g6 (33... Rxd7 $16 34. Qxd7 Qe6 35. Qxe6 (35. Qxc7 Qxa2 36. Qxb7 Qb1+ 37. Kh2 Rd8 $11) 35... fxe6) 34. Kg2 h5 (34... Rxd7 $142 35. Qxd7 Qe6 36. Qxe6 (36. Qxc7 Qxa2 37. Qxb7 Qe2 $18) (36. Rd2 Rd8 $18) 36... fxe6) 35. Ra3 {[%emt 0:00:19] Rf3 is the strong threat. Black is weak on the dark squares} ({Weaker is} 35. Rad2 Rxd7 36. Rxd7 Rd8 $16) 35... Qe6 $2 (35... Rxd7 36. Qxd7 Qd8) 36. Rad3 Qf6 (36... Rc8 $142 37. Qf3 Kg7) 37. Rxc7 {[%emt 0:00:10] Weighted Error Value: White=0.12 (very precise) /Black=0.37.  Mistake:       	---       	Black=8      Inaccurate:     	White=2     	---        OK:         	White=15    	Black=7      Best:        	White=4     	Black=1} 1-0

[Event "French Top 16-A 2024"]
[Site "Chartres"]
[Date "2024.06.01"]
[Round "3.4"]
[White "Barseghyan, Harutyun"]
[Black "Sohier, Julien"]
[Result "1-0"]
[ECO "D27"]
[WhiteElo "2431"]
[BlackElo "2214"]
[Annotator "RC"]
[PlyCount "65"]
[EventDate "2024.06.01"]
[EventType "team-tourn"]
[EventCountry "FRA"]
[SourceTitle "playchess.com"]
[Source "ChessBase"]
[SourceQuality "1"]
[TimeControl "40/5400+30:1800+30"]

1. d4 d5 2. c4 c6 3. Nf3 Nf6 4. e3 a6 5. Bd3 dxc4 6. Bxc4 e6 7. O-O c5 8. dxc5 Qxd1 9. Rxd1 Bxc5 10. Be2 Nc6 11. Nbd2 Bd7 12. a3 Ke7 13. b4 Bd6 14. Bb2 Rhd8 15. Nc4 Bc7 16. Rac1 Be8 17. Nd4 Nxd4 18. Bxd4 Ba4 19. Re1 Bc6 20. f3 g6 21. Bc5+ Ke8 22. e4 Bf4 23. Rc2 Ba4 24. Rb2 Nd7 25. Bd6 Bh6 26. Bc7 Bg7 27. e5 b5 28. Nd6+ Ke7 29. f4 Nxe5 30. fxe5 Bxe5 31. Nf5+ Kf6 32. Bxe5+ Kxe5 33. Bxb5+ 1-0

[Event "French Top 16-A 2024"]
[Site "Chartres"]
[Date "2024.06.01"]
[Round "3.5"]
[White "Barbot, Pierre"]
[Black "Libiszewski, Fabien"]
[Result "1-0"]
[ECO "A16"]
[WhiteElo "2425"]
[BlackElo "2498"]
[Annotator "TA"]
[PlyCount "57"]
[EventDate "2024.06.01"]
[EventType "team-tourn"]
[EventCountry "FRA"]
[SourceTitle "playchess.com"]
[Source "ChessBase"]
[SourceQuality "1"]
[TimeControl "40/5400+30:1800+30"]

1. d4 Nf6 2. c4 g6 3. g3 Bg7 4. Bg2 O-O 5. Nc3 d6 6. Nf3 Bd7 7. O-O Re8 8. Bf4 Qc8 9. e4 Bg4 {[%emt 0:16:56] White is slightly better.} 10. Qd2 Bxf3 11. Bxf3 e5 12. dxe5 dxe5 13. Bg5 Na6 14. Nd5 Qe6 (14... Qd8 $1 $14) 15. b4 $16 {[%emt 0:04:26][%cal Bb2b4,Bb4b5][%mdl 32] Threatens to win with Bxf6. White is much more active.} c6 {[%emt 0:14:29] [#]} 16. b5 $1 $36 {[%emt 0:08:13][%mdl 2048] Black must now prevent Bxf6. Black is under strong pressure.} Nc5 {[%emt 0:00:19][%cal Of6e4] [#] ...Nfxe4! is the strong threat.} 17. Nc7 $1 Nfxe4 18. Bxe4 Nxe4 19. Nxe6 Nxd2 20. Nxg7 Red8 21. Bxd8 Rxd8 {[%emt 0:00:04] [#]} 22. Ne6 $1 fxe6 {[%emt 0:00:07][%mdl 4096] Endgame. KRR-KRN} 23. Rfd1 c5 24. Kg2 e4 {[%emt 0:02:40] Black cannot hold the game after this.} (24... Rd4 $16 {was necessary.}) 25. Rac1 $18 Rd3 26. Rc2 Nf3 (26... Nxc4 {keeps fighting.} 27. Rdc1 (27. Rxd3 $2 exd3 28. Rxc4 d2 $19) 27... Nb6 28. Rxc5 Nd5) 27. Rxd3 exd3 28. Rc1 {[%emt 0:01:33] Prevents Ne1+.} Ne5 29. Rd1 {[%emt 0:00:06] Weighted Error Value: White=0.04 (flawless) /Black=0.28 (precise) .  Mistake:       	---       	Black=3      Inaccurate:     	---       	Black=1      OK:         	White=9     	Black=11     Best:        	White=4     	---        Strong:       	White=2     	---} 1-0

[Event "French Top 16-A 2024"]
[Site "Chartres"]
[Date "2024.06.01"]
[Round "3.5"]
[White "Bosc, Seraphina"]
[Black "Bailet, Pierre"]
[Result "0-1"]
[ECO "C55"]
[WhiteElo "2220"]
[BlackElo "2492"]
[Annotator "TA"]
[PlyCount "102"]
[EventDate "2024.06.01"]
[EventType "team-tourn"]
[EventCountry "FRA"]
[SourceTitle "playchess.com"]
[Source "ChessBase"]
[SourceQuality "1"]
[TimeControl "40/5400+30:1800+30"]

1. e4 e5 2. Nf3 Nc6 3. Bc4 Nf6 4. d3 Be7 5. O-O O-O 6. Re1 d6 7. c3 Na5 8. Bb5 a6 9. Ba4 c5 10. Nbd2 Qc7 11. Nf1 {[%emt 0:02:06] The position is equal.} Nc6 12. Ne3 Be6 13. Ng5 Bd7 14. Bb3 h6 15. Nf3 Be6 16. Nd5 Bxd5 17. exd5 Nb8 (17... Na5 $11) 18. Nh4 $14 Re8 19. Qf3 {[%emt 0:06:42] Black must now prevent Nf5.} Nbd7 20. Nf5 {[%emt 0:01:57] Qg3 is the strong threat.} Bf8 21. Bd2 h5 22. a4 g6 23. Ng3 b5 24. c4 bxc4 25. dxc4 a5 (25... Rab8 $15) 26. Bc2 Bg7 27. Rab1 Nf8 28. b3 N6h7 29. Ne4 f5 30. Ng5 ({White should try} 30. Nc3 $14) 30... Nxg5 $11 31. Bxg5 Nh7 32. Bd2 Qf7 33. g3 (33. Qg3 $14) 33... e4 $36 {[%emt 0:02:43][%mdl 2048] Black is more active.} 34. Qe2 Bd4 35. Be3 ({White should play} 35. Kh1 $15) 35... Nf6 $17 {[%emt 0:03:39] Black is more active.} 36. Qd2 Bxe3 37. Qxe3 Ng4 38. Qd2 (38. Qf4 $17 {might work better.}) 38... Ne5 $19 {[%emt 0:01:55] Hoping for ...Nf3+.} 39. Bd1 Qf6 40. Be2 Kg7 (40... h4 $19 41. Rf1 Re7) 41. Kg2 {[%emt 0:30:13] Loses the game.} (41. h4 $17) 41... h4 42. f4 $2 (42. Qc2) 42... exf3+ 43. Bxf3 {[%emt 0:00:00] [#]} h3+ $1 44. Kf2 {[%emt 0:00:00] [#]} f4 $1 45. Rf1 (45. gxf4 Qh4+) 45... Nxf3 46. Kxf3 Re3+ 47. Kf2 {[%emt 0:00:00] White is weak on the dark squares} Rae8 (47... fxg3+ 48. Kxe3 Re8+ 49. Kd3 Qd4+ 50. Kc2 Qe4+ (50... Qxd2+ 51. Kxd2 g2 52. Rf3 $18) 51. Kb2 $11) 48. Kg1 Re2 49. Qxf4 Rg2+ 50. Kh1 Qxf4 51. Rxf4 Ree2 {[%emt 0:00:00] Weighted Error Value: White=0.52/Black=0.09 (flawless) .  Mistake:       	White=6     	Black=3      Inaccurate:     	White=4     	Black=2      OK:         	White=11    	Black=18     Best:        	White=1     	Black=1} 0-1

[Event "French Top 16-A 2024"]
[Site "Chartres"]
[Date "2024.06.01"]
[Round "3.6"]
[White "Benitah, Yohan"]
[Black "Milliet, Sophie"]
[Result "1/2-1/2"]
[ECO "E11"]
[WhiteElo "2342"]
[BlackElo "2385"]
[Annotator "RC"]
[PlyCount "99"]
[EventDate "2024.06.01"]
[EventType "team-tourn"]
[EventCountry "FRA"]
[SourceTitle "playchess.com"]
[Source "ChessBase"]
[SourceQuality "1"]
[TimeControl "40/5400+30:1800+30"]

1. d4 Nf6 2. Nf3 e6 3. c4 Bb4+ 4. Bd2 Qe7 5. Qc2 Bxd2+ 6. Nbxd2 d6 7. e3 e5 8. Bd3 O-O 9. O-O h6 10. a3 Re8 11. e4 a5 12. Rfe1 a4 13. Rac1 c5 14. dxe5 dxe5 15. Nb1 Bg4 16. Be2 Bxf3 17. Bxf3 Nc6 18. Nc3 Nd4 19. Qd3 Red8 20. Qe3 Nb3 21. Rcd1 Rd4 22. Be2 Rad8 23. Nxa4 Nd2 24. Nc3 Ndxe4 25. Nb5 Rxd1 26. Rxd1 Rxd1+ 27. Bxd1 b6 28. Qd3 Ng5 29. Qd6 Qe6 30. Qd8+ Kh7 31. h4 Nge4 32. Qd3 g6 33. Bf3 Qf5 34. h5 Qf4 35. hxg6+ fxg6 36. Qe3 Qxe3 37. fxe3 Kg7 38. Nc7 Nd6 39. b3 e4 40. Be2 Kf7 41. b4 Nd7 42. Nd5 cxb4 43. axb4 h5 44. Kf2 Ke6 45. g3 Ke5 46. Nf4 Kf5 47. Bf1 g5 48. Bh3+ g4 49. Bf1 Ne5 50. c5 1/2-1/2

[Event "French Top 16-A 2024"]
[Site "Chartres"]
[Date "2024.06.01"]
[Round "3.6"]
[White "Migot, Tangi"]
[Black "De Balmann, Marc"]
[Result "1-0"]
[ECO "C02"]
[WhiteElo "2326"]
[BlackElo "2151"]
[Annotator "RC"]
[PlyCount "121"]
[EventDate "2024.06.01"]
[EventType "team-tourn"]
[EventCountry "FRA"]
[SourceTitle "playchess.com"]
[Source "ChessBase"]
[SourceQuality "1"]
[TimeControl "40/5400+30:1800+30"]

1. e4 e6 2. d4 d5 3. e5 c5 4. c3 Nc6 5. Nf3 Qb6 6. a3 c4 7. Nbd2 Na5 8. Rb1 Bd7 9. h4 Ne7 10. h5 h6 11. b4 cxb3 12. Nxb3 Nxb3 13. Rxb3 Qc7 14. Qd3 Rc8 15. Qb1 b6 16. Ba6 Rb8 17. Qd3 Nc6 18. Rb1 Na5 19. Nd2 Be7 20. O-O O-O 21. f4 f6 22. c4 fxe5 23. cxd5 exd5 24. fxe5 Rxf1+ 25. Nxf1 b5 26. Bf4 Be8 27. Bxb5 Qb6 28. Ba4 Qxb1 29. Bc2 Qb6 30. Qh7+ Kf8 31. Qh8+ Kf7 32. Bg6+ Ke6 33. Qg8+ Kd7 34. Qxd5+ Kc7 35. e6+ Bd6 36. Bxd6+ Qxd6 37. Qxa5+ Kc8 38. Qc3+ Kd8 39. Qa5+ Kc8 40. Qc3+ Kd8 41. Bf5 Rb7 42. Ne3 Rc7 43. Qb2 Ke7 44. d5 Kf8 45. Bh7 Bxh5 46. Qf2+ Ke8 47. g4 Bxg4 48. Bg6+ Kd8 49. Qh4+ Qe7 50. Qxg4 Rc1+ 51. Kg2 Qxa3 52. Qh4+ Kc7 53. Qf4+ Kb7 54. Be4 g5 55. d6+ Ka6 56. Qe5 Re1 57. Bb7+ Kxb7 58. Qb5+ Ka8 59. Qc6+ Kb8 60. Qc7+ Ka8 61. Qc8# 1-0

[Event "French Top 16-A 2024"]
[Site "Chartres"]
[Date "2024.06.01"]
[Round "3.7"]
[White "Sochacki, Christophe"]
[Black "Tahay, Alexis"]
[Result "1/2-1/2"]
[ECO "B97"]
[WhiteElo "2451"]
[BlackElo "2376"]
[Annotator "TA"]
[PlyCount "90"]
[EventDate "2024.06.01"]
[EventType "team-tourn"]
[EventCountry "FRA"]
[SourceTitle "playchess.com"]
[Source "ChessBase"]
[SourceQuality "1"]
[TimeControl "40/5400+30:1800+30"]

1. e4 c5 2. Nf3 d6 3. d4 cxd4 4. Nxd4 Nf6 5. Nc3 a6 6. Bg5 e6 7. f4 Qb6 8. Qd2 Qxb2 9. Rb1 Qa3 10. e5 h6 11. Bh4 (11. exf6 hxg5 12. fxg7 Bxg7 13. fxg5 b5 $17) 11... dxe5 12. fxe5 g5 (12... Nfd7 $1 $15 13. Ne4 Qxa2) 13. Bg3 (13. exf6 $11 {remains equal.} gxh4 14. Be2) 13... Nh5 $1 $17 {[%emt 0:01:34] And now ...Nxg3 would win. Black is better.} 14. Ne4 Qxa2 (14... Nxg3 15. Nf6+ Ke7 16. Rb4 $18) 15. Rb3 {[%emt 0:01:21] Strongly threatening Be2.} Nd7 {[%emt 0:03:03] ...Nc5 is the strong threat.} 16. Be2 Qa1+ $1 17. Bd1 $1 Nc5 $1 18. Nxc5 Nxg3 19. hxg3 Bxc5 20. c3 Bd7 (20... Rf8 $15) 21. O-O (21. Rxb7 $11 O-O-O 22. O-O) 21... Bb5 22. Be2 {[%emt 0:23:10] [#]} Qa4 23. Kh2 {[%emt 0:01:28][%cal Rb3b5] [#] Rxb5 would now be deadly.} Rd8 $1 ({Of course not} 23... Bxe2 $6 24. Qxe2 Ra7 (24... Bxd4 25. Rxb7 O-O 26. cxd4 $18) 25. Rbb1 $11) 24. Bxb5+ axb5 25. Qe2 (25. Qd1 $17 {was called for.}) 25... Rxd4 ({Weaker is} 25... Bxd4 26. Rb4 Qa6 27. cxd4 $11) 26. cxd4 Qxb3 27. dxc5 $19 {[%emt 0:01:20][%mdl 4096] Endgame. KQR-KQR} Qc4 28. Qf2 O-O 29. Rd1 Qe4 30. Rd7 b4 31. Qf6 b3 {[%emt 0:01:53] aiming for ...b2.} 32. Qxh6 Qh7 ({Black should play} 32... Qxe5 $17 {White must now prevent ...Rb8.} 33. Rxb7 Rc8 (33... Qxc5 34. Qf6 $15)) 33. Qxh7+ $11 {[%emt 0:00:11] The position is equal.} Kxh7 34. Rxb7 {[%emt 0:00:02] KR-KR} Kg6 35. Rxb3 Kf5 36. Re3 g4 37. Re1 Rc8 38. Rf1+ Kxe5 39. Rxf7 Rxc5 40. Rf4 Rc8 41. Rxg4 Kf5 42. Rf4+ Kg5 43. Kg1 e5 44. Rf7 Rc2 45. Rf2 Rxf2 {[%emt 0:00:17] White happily takes the draw.   Weighted Error Value: White=0.15 (very precise) /Black=0.10 (very precise) .  Mistake:       	White=3     	Black=3      OK:         	White=18    	Black=11     Best:        	White=5     	Black=1      Strong:       	White=1     	Black=4} 1/2-1/2

[Event "French Top 16-A 2024"]
[Site "Chartres"]
[Date "2024.06.01"]
[Round "3.7"]
[White "Lemonnier, Remi"]
[Black "Pucher, Sebastien"]
[Result "1-0"]
[ECO "B06"]
[WhiteElo "2022"]
[BlackElo "2196"]
[Annotator "RC"]
[PlyCount "83"]
[EventDate "2024.06.01"]
[EventType "team-tourn"]
[EventCountry "FRA"]
[SourceTitle "playchess.com"]
[Source "ChessBase"]
[SourceQuality "1"]
[TimeControl "40/5400+30:1800+30"]

1. e4 g6 2. d4 Bg7 3. Nc3 d5 4. Nxd5 c6 5. Ne3 Qxd4 6. Qxd4 Bxd4 7. f3 Bg7 8. a4 b6 9. Bc4 Nf6 10. Ne2 Nbd7 11. Bd2 O-O 12. Bc3 Bb7 13. Kf2 a6 14. Rhd1 e5 15. Bb4 Rfe8 16. Bd6 b5 17. Ba2 Bf8 18. g4 h6 19. h4 Kg7 20. Rd2 Bxd6 21. Rxd6 Nc5 22. Kg2 Nxa4 23. g5 hxg5 24. hxg5 Ng8 25. Rd7 Re7 26. Rad1 Rae8 27. b4 Bc8 28. Rxe7 Nxe7 29. Rd6 Nb6 30. Nc1 Bd7 31. Nd3 Nec8 32. Rf6 Re7 33. Nc5 Be8 34. Ng4 Na4 35. Nd3 Ncb6 36. Ndxe5 Nc3 37. Bb3 Nb1 38. Nxc6 Rc7 39. Nce5 Nc4 40. Bxc4 bxc4 41. Rxa6 Re7 42. Ra8 1-0

[Event "French Top 16-A 2024"]
[Site "Chartres"]
[Date "2024.06.01"]
[Round "3.8"]
[White "Hejazipour, Mitra"]
[Black "Loiseau, Quentin"]
[Result "1/2-1/2"]
[ECO "D23"]
[WhiteElo "2376"]
[BlackElo "2411"]
[Annotator "RC"]
[PlyCount "128"]
[EventDate "2024.06.01"]
[EventType "team-tourn"]
[EventCountry "FRA"]
[SourceTitle "playchess.com"]
[Source "ChessBase"]
[SourceQuality "1"]
[TimeControl "40/5400+30:1800+30"]

1. d4 Nf6 2. c4 e6 3. Nf3 d5 4. Nc3 dxc4 5. Qa4+ Nbd7 6. e4 a6 7. Bxc4 Rb8 8. Qc2 b5 9. Bd3 c5 10. d5 Bd6 11. O-O Qc7 12. dxe6 fxe6 13. h3 c4 14. Be2 O-O 15. Bg5 Bb7 16. Rad1 Bc5 17. a3 Rbe8 18. Bh4 Ne5 19. Kh1 Nh5 20. Nxe5 Qxe5 21. Bxh5 Qxh5 22. Bg3 Rd8 23. b3 Bxa3 24. bxc4 Rxd1 25. Nxd1 Qc5 26. Ne3 Rc8 27. Rd1 b4 28. Bd6 Qc6 29. e5 a5 30. Rd4 Qe8 31. Rg4 a4 32. Qd2 Rd8 33. Nc2 Qh5 34. Qe3 Qf5 35. Nxa3 bxa3 36. Qxa3 Qxf2 37. Qb4 h5 38. Rxg7+ Kxg7 39. Qxb7+ Qf7 40. Qa6 Qf1+ 41. Kh2 Qf4+ 42. Kh1 Rd7 43. Qxa4 Rb7 44. Qc2 Qf1+ 45. Kh2 Qf4+ 46. Kh1 Qd4 47. Qc1 Kg6 48. Bf8 Kf7 49. Bd6 h4 50. Qf1+ Kg8 51. c5 Qe4 52. Qf8+ Kh7 53. Kh2 Qe3 54. Qf1 Qg3+ 55. Kh1 Qc3 56. Qf4 Qe1+ 57. Kh2 Rg7 58. c6 Qg3+ 59. Qxg3 hxg3+ 60. Kg1 Ra7 61. Kf1 Ra2 62. c7 Rc2 63. Ke1 Kg6 64. Kd1 Rc6 1/2-1/2

[Event "French Top 16-A 2024"]
[Site "Chartres"]
[Date "2024.06.01"]
[Round "3.8"]
[White "Fischer, Julie"]
[Black "Delay, Guillaume"]
[Result "1-0"]
[ECO "B31"]
[WhiteElo "2092"]
[BlackElo "2043"]
[Annotator "NA RC"]
[PlyCount "69"]
[EventDate "2024.06.01"]
[EventType "team-tourn"]
[EventCountry "FRA"]
[SourceTitle "playchess.com"]
[Source "ChessBase"]
[SourceQuality "1"]
[TimeControl "40/5400+30:1800+30"]

1. e4 c5 2. Nf3 Nc6 3. Bb5 g6 4. Bxc6 dxc6 5. d3 Bg7 6. h3 Nf6 7. O-O Nd7 8. c3 e5 9. Be3 O-O 10. d4 cxd4 11. cxd4 exd4 12. Bxd4 Nf6 13. Nc3 Be6 14. Qd2 Qe7 15. Qc2 Rfd8 16. Rad1 c5 17. Be3 b6 18. Bg5 h6 19. Bh4 g5 20. Bg3 Bc4 21. Rfe1 Rxd1 22. Nxd1 Bb5 23. Nc3 Bc6 24. h4 Nh5 25. Nd5 Qb7 26. hxg5 Nxg3 27. gxh6 Nxe4 28. Rxe4 Bxd5 29. Rg4 Be4 30. Rxg7+ Kf8 31. Qc3 Qd5 32. Qf6 Ke8 33. Rg8+ Kd7 34. Ne5+ Kc7 35. Qe7+ 1-0

[Event "French Top 16-A 2024"]
[Site "Chartres"]
[Date "2024.06.01"]
[Round "3.9"]
[White "Van Foreest, Jorden"]
[Black "Vachier-Lagrave, Maxime"]
[Result "1/2-1/2"]
[ECO "B90"]
[WhiteElo "2665"]
[BlackElo "2732"]
[Annotator "TA"]
[PlyCount "80"]
[EventDate "2024.06.01"]
[EventType "team-tourn"]
[EventCountry "FRA"]
[SourceTitle "playchess.com"]
[Source "ChessBase"]
[SourceQuality "1"]
[TimeControl "40/5400+30:1800+30"]

1. e4 c5 2. Nf3 d6 3. d4 cxd4 4. Nxd4 Nf6 5. Nc3 a6 6. Rg1 h5 7. Bg5 b5 8. a4 b4 9. Nd5 e6 $2 (9... Nxe4 $11 10. Bh4 Bb7) 10. Nxf6+ $2 ({Inferior is} 10. Nxb4 Qa5 11. Bd2 Nxe4 $17) (10. e5 $1 $18 exd5 (10... dxe5 11. Nxe6 Bxe6 12. Nxf6+ gxf6 13. Qxd8+ Kxd8 14. Bxf6+ Ke8 15. Bxh8 $16) 11. exf6) 10... gxf6 $11 11. Bd2 d5 12. Bd3 e5 13. Nb3 dxe4 14. Bxe4 Ra7 15. Be3 Qxd1+ 16. Rxd1 Rd7 17. Rc1 Bh6 18. c3 Bxe3 19. fxe3 bxc3 20. Rxc3 Ke7 21. Ke2 {[%emt 0:04:42] Black must now prevent Rgc1.} Ra7 22. Rgc1 $36 {[%emt 0:03:07][%mdl 2048] White is pushing.} Be6 23. Na5 f5 24. Bb7 {[%emt 0:00:25] White is more active.} Rg8 25. Kf2 Rg4 (25... Rd8 $11) 26. b3 $1 $16 Rb4 27. Bc8 f4 28. Bxe6 (28. exf4 {simplifies} Rxf4+ 29. Rf3 Rxf3+ 30. gxf3 Kf6 31. Bxe6 fxe6 32. Rc8) 28... Kxe6 29. Rc8 Rd7 30. exf4 Rxf4+ 31. Ke3 Rd5 32. Nc4 Nd7 33. Rc6+ Ke7 {[%emt 0:02:46] [#]} 34. Nxe5 $1 Rb4 35. Nxd7 Rxb3+ {[%emt 0:00:07] [#]} 36. Ke4 (36. R6c3 $1 $16 Rxc3+ 37. Rxc3 Kxd7 38. g3) 36... Rxd7 $11 {[%emt 0:00:10] The position is equal.} 37. Rxa6 Rb2 {[%emt 0:03:48] Wards off Rc2} 38. Rc5 Rxg2 39. Rxh5 Re2+ 40. Kf3 Rdd2 {[%emt 0:00:14] Weighted Error Value: White=0.14 (very precise) /Black=0.15 (very precise) .  Loses game:     	---       	Black=1      Missed win:     	White=1     	---        Mistake:       	White=1     	Black=1      Inaccurate:     	White=2     	Black=5      OK:         	White=12    	Black=16     Best:        	White=1     	Black=3      Strong:       	White=1     	---        Brilliant:      	White=1     	---} 1/2-1/2

[Event "French Top 16-A 2024"]
[Site "Chartres"]
[Date "2024.06.01"]
[Round "3.9"]
[White "Laurent-Paoli, Pierre"]
[Black "Travadon, Loic"]
[Result "1/2-1/2"]
[ECO "E19"]
[WhiteElo "2576"]
[BlackElo "2446"]
[Annotator "TA"]
[PlyCount "193"]
[EventDate "2024.06.01"]
[EventType "team-tourn"]
[EventCountry "FRA"]
[SourceTitle "playchess.com"]
[Source "ChessBase"]
[SourceQuality "1"]
[TimeControl "40/5400+30:1800+30"]

1. d4 Nf6 2. c4 e6 3. Nf3 b6 4. g3 Bb7 5. Bg2 Be7 6. O-O O-O 7. Nc3 Ne4 8. Qc2 Nxc3 9. Qxc3 d6 10. Qd3 {[%emt 0:03:39][%cal Of3g5] And now Ng5! would win.} f5 11. Qe3 Qc8 12. Ne1 Bxg2 13. Nxg2 Bf6 14. Nf4 e5 15. Qf3 e4 16. Qb3 Nc6 17. d5 Na5 18. Qa4 Qe8 19. Qc2 Nb7 20. Be3 Nd8 21. Rae1 g5 22. Ng2 Qg6 23. f4 {[%emt 0:03:55] fxg5 is the strong threat.} g4 24. Rd1 Qg7 25. b3 Nb7 26. Qd2 Bc3 27. Bd4 Bxd2 28. Bxg7 Kxg7 29. Rxd2 a5 30. Ne3 Nc5 31. Kf2 h5 32. h4 Kf6 33. Rc2 Rfb8 34. Rd1 Nd7 35. Rb1 Nc5 36. Rd1 Nd7 37. Ke1 Nc5 38. Rd4 Nd7 39. Kf1 Nc5 40. Kf2 Nd7 41. Nd1 Nc5 42. Nc3 Re8 43. Ke3 $1 Re7 44. Rd1 Ree8 45. Nb5 Rec8 46. Rb1 Nb7 47. Rd2 Nc5 48. Rdd1 Nb7 49. a3 Ra6 50. Ra1 Raa8 51. Nd4 Nc5 52. Rdb1 Nb7 53. b4 Ra6 54. Kd2 Ra7 55. e3 Ra6 56. Kc3 Ra7 57. Kb2 Ra6 58. Rc1 Ra7 59. Nb3 Ra6 60. Kc3 Rca8 61. Kd4 Rd8 62. Kc3 Rda8 63. Kb2 R6a7 64. Nd4 {[%emt 0:00:00] [#] Hoping for Nb5.} Ra6 65. Ne6 Rc8 $1 66. Kb3 Nd8 67. Nd4 Nb7 68. Kb2 Ra7 69. Nb3 Rca8 70. Kc3 Ra6 71. Rab1 Rc8 72. Rc2 Rca8 73. Kd2 R6a7 74. Rcc1 Rd8 75. Rc3 Rb8 76. Rb2 Rd8 (76... Rba8 $11) 77. Kc1 ({Better is} 77. Nd4 $14) 77... Rda8 78. Nd4 Rc8 ({Black should try} 78... axb4 $11 79. axb4 Nd8 (79... Ra1+ 80. Rb1 $14)) 79. Nb5 $14 Ra6 80. Kb1 Raa8 81. Rbc2 Ra6 82. Kb2 Raa8 83. Rc1 Ra6 84. Kb3 Raa8 85. R3c2 Ra6 86. Ra2 Raa8 87. Rcc2 Ra6 88. Nd4 Ra7 89. Rd2 Ra6 90. Ne6 Nd8 91. Nd4 Nb7 92. Nc6 Rca8 $2 {[%emt 0:00:00] [#]} (92... Nd8 $11 {and Black stays safe.}) 93. Rdc2 $2 (93. b5 $1 $18 Nc5+ 94. Kc2) 93... Rc8 $11 {[%emt 0:00:00] The position is equal.} ({Not} 93... axb4 $2 94. axb4 Kf7 (94... Rxa2 $2 95. Rxa2 Rxa2 96. Kxa2 $18) 95. Rxa6 Rxa6 96. Ra2 Rxa2 97. Kxa2 $18) 94. Nd4 Ra7 95. Ne6 Nd8 96. Nxd8 Rxd8 97. b5 {[%emt 0:01:15] Weighted Error Value: White=0.02 (flawless) /Black=0.04 (flawless) .  Loses game:     	---       	Black=1      Missed win:     	White=1     	---        Mistake:       	White=1     	Black=2      Inaccurate:     	White=8     	Black=9      OK:         	White=31    	Black=20     Best:        	White=2     	---        Strong:       	White=1     	Black=1} 1/2-1/2